TOP OF THE 1ST |
Los Angeles (NYP) Angels batting - Pitching for Staten Island Yankees : RHP Jorge Aranda
|
Pitching: RHP Jorge Aranda
|
|
Batting: RHB Randy Grewe
|
0-0: Ball 1-0: Foul Ball, location: 2F 1-1: Foul Ball, location: 2F 1-2: Ball 2-2: Ball 3-2: Base on Balls
|
Batting: RHB Steve Hasson
|
0-0: Called Strike Randy Grewe steals 2nd base 0-1: Foul Ball, location: 2F 0-2: Ball 1-2: DOUBLE (Flyball, 9LD, EV 103.1 MPH) Randy Grewe scores
|
Batting: RHB Jon Griffin
|
0-0: SINGLE (Groundball, 6MD, EV 97.5 MPH) Steve Hasson to third Runner from 3rd tries for Home, SAFE, throw by CF to home
|
Batting: SHB Conor Davies
|
0-0: Ball Jon Griffin is caught stealing 2nd base 2-6 1-0: Foul Ball, location: 2F 1-1: Ball 2-1: Ball 3-1: Foul Ball, location: 2F 3-2: Foul Ball, location: 2F 3-2: Strikes out looking
|
Batting: RHB Jeff Long
|
0-0: Ball 1-0: Ball 2-0: Foul Ball, location: 2F 2-1: Ball 3-1: Base on Balls
|
Batting: RHB Jason Habeck
|
0-0: Called Strike 0-1: Ball Jeff Long is caught stealing 2nd base 2-4
|
Top of the 1st over - 2 runs, 2 hits, 0 errors, 0 left on base; Los Angeles (NYP) 2 - Staten Island 0 |
BOTTOM OF THE 1ST |
Staten Island Yankees batting - Pitching for Los Angeles (NYP) Angels : RHP Jose Alvarado
|
Pitching: RHP Jose Alvarado
|
|
Batting: LHB Mario Hurtado
|
0-0: Ball 1-0: Called Strike 1-1: Called Strike 1-2: Ground out 4-3 (Groundball, 4M, EV 104.4 MPH)
|
Batting: RHB Chris Diaz
|
0-0: Called Strike 0-1: Ball 1-1: SINGLE (Groundball, 34D, EV 101.3 MPH)
|
Batting: LHB Roald Jacobs
|
0-0: Called Strike 0-1: Called Strike 0-2: Ball Chris Diaz is caught stealing 2nd base 2-6 1-2: Foul Ball, location: 2F 1-2: Foul Ball, location: 2F 1-2: Ball 2-2: Strikes out looking
|
Bottom of the 1st over - 0 runs, 1 hit, 0 errors, 0 left on base; Los Angeles (NYP) 2 - Staten Island 0 |
TOP OF THE 2ND |
Los Angeles (NYP) Angels batting - Pitching for Staten Island Yankees : RHP Jorge Aranda
|
Batting: RHB Jason Habeck
|
0-0: Called Strike 0-1: Called Strike 0-2: Ball 1-2: Ball 2-2: Strikes out swinging
|
Batting: RHB Steve Hughey
|
0-0: Called Strike 0-1: Hit by Pitch
|
Batting: RHB Zach Robbins
|
0-0: Called Strike 0-1: Ball 1-1: Ball 2-1: Called Strike Steve Hughey steals 2nd base 2-2: Ground out 6-3 (Groundball, 6, EV 93.1 MPH)
|
Batting: RHB Mario Velazquez
|
0-0: Called Strike 0-1: Swinging Strike 0-2: Ball 1-2: Strikes out swinging
|
Top of the 2nd over - 0 runs, 0 hits, 0 errors, 1 left on base; Los Angeles (NYP) 2 - Staten Island 0 |
BOTTOM OF THE 2ND |
Staten Island Yankees batting - Pitching for Los Angeles (NYP) Angels : RHP Jose Alvarado
|
Batting: RHB Andres Valles
|
0-0: Called Strike 0-1: Ball 1-1: Fly out, F9 (Flyball, 9S, EV 80.6 MPH)
|
Batting: LHB Ben Roth
|
0-0: Ball 1-0: Ball 2-0: Ground out 4-3 (Groundball, 4, EV 78.8 MPH)
|
Batting: RHB Nick Massengale
|
0-0: Ball 1-0: Called Strike 1-1: Ball 2-1: Called Strike 2-2: Strikes out looking
|
Bottom of the 2nd over - 0 runs, 0 hits, 0 errors, 0 left on base; Los Angeles (NYP) 2 - Staten Island 0 |
TOP OF THE 3RD |
Los Angeles (NYP) Angels batting - Pitching for Staten Island Yankees : RHP Jorge Aranda
|
Batting: RHB Randy Grewe
|
0-0: Ball 1-0: Ground out 6-3 (Groundball, 6, EV 101.9 MPH)
|
Batting: RHB Steve Hasson
|
0-0: Ground out 6-3 (Groundball, 6, EV 107.5 MPH)
|
Batting: RHB Jon Griffin
|
0-0: Fly out, F7 (Flyball, 7LS, EV 86.9 MPH)
|
Top of the 3rd over - 0 runs, 0 hits, 0 errors, 0 left on base; Los Angeles (NYP) 2 - Staten Island 0 |
BOTTOM OF THE 3RD |
Staten Island Yankees batting - Pitching for Los Angeles (NYP) Angels : RHP Jose Alvarado
|
Batting: RHB Phil Corliss
|
0-0: Foul Ball, location: 2F 0-1: Foul Ball, location: 2F 0-2: Ball 1-2: Fly out, F7 (Flyball, 7D, EV 95.6 MPH)
|
Batting: SHB Victor Martinez
|
0-0: Ball 1-0: Ground out 6-3 (Groundball, 6, EV 103.1 MPH)
|
Batting: SHB Plácido Barrrenho
|
0-0: Ball 1-0: Ball 2-0: SINGLE (Groundball, 6D, EV 101.9 MPH)
|
Batting: LHB Mario Hurtado
|
0-0: Called Strike 0-1: Ball 1-1: Ball 2-1: Called Strike 2-2: Fly out, F7 (Line Drive, 7D, EV 97.5 MPH)
|
Bottom of the 3rd over - 0 runs, 1 hit, 0 errors, 1 left on base; Los Angeles (NYP) 2 - Staten Island 0 |
TOP OF THE 4TH |
Los Angeles (NYP) Angels batting - Pitching for Staten Island Yankees : RHP Jorge Aranda
|
Batting: SHB Conor Davies
|
0-0: Foul Ball, location: 2F 0-1: Called Strike 0-2: Ball 1-2: Fly out, F7 (Flyball, 7D, EV 87.5 MPH)
|
Batting: RHB Jeff Long
|
0-0: Ball 1-0: SINGLE (Groundball, 25, EV 72.5 MPH) (infield hit)
|
Batting: RHB Jason Habeck
|
0-0: Ball 1-0: Called Strike Jeff Long steals 2nd base 1-1: Foul Ball, location: 2F 1-2: Ball 2-2: Foul Ball, location: 2F 2-2: SINGLE (Line Drive, 6M, EV 96.3 MPH) Jeff Long to third Runner from 3rd tries for Home, SAFE, throw by CF to home
|
Batting: RHB Steve Hughey
|
0-0: Ball 1-0: Swinging Strike 1-1: Ball 2-1: Swinging Strike 2-2: Ball 3-2: Base on Balls Jason Habeck to second
|
Batting: RHB Zach Robbins
|
0-0: Called Strike 0-1: Ball 1-1: Foul Ball, location: 2F 1-2: Foul Ball, location: 2F 1-2: Foul Ball, location: 2F 1-2: DOUBLE (Line Drive, 9LM, EV 88.1 MPH) Jason Habeck scores Steve Hughey to third Runner from 3rd tries for Home, throw by RF and OUT! 9-4-2
|
Batting: RHB Mario Velazquez
|
0-0: Ground out U3 (Groundball, 13, EV 88.1 MPH)
|
Top of the 4th over - 2 runs, 3 hits, 0 errors, 1 left on base; Los Angeles (NYP) 4 - Staten Island 0 |
BOTTOM OF THE 4TH |
Staten Island Yankees batting - Pitching for Los Angeles (NYP) Angels : RHP Jose Alvarado
|
Batting: RHB Chris Diaz
|
0-0: Ball 1-0: Ball 2-0: Swinging Strike 2-1: Ball 3-1: Ground out 4-3 (Groundball, 4, EV 103.8 MPH)
|
Batting: LHB Roald Jacobs
|
0-0: Called Strike 0-1: Hit by Pitch
|
Batting: RHB Andres Valles
|
0-0: Called Strike Roald Jacobs steals 2nd base 0-1: Called Strike 0-2: Fly out, F9 (Flyball, 9D, EV 98.1 MPH) Runner from 2nd tags up, SAFE at 3rd, no throw by RF
|
Batting: LHB Ben Roth
|
0-0: Foul Ball, location: 2F 0-1: Swinging Strike 0-2: Strikes out swinging
|
Bottom of the 4th over - 0 runs, 0 hits, 0 errors, 1 left on base; Los Angeles (NYP) 4 - Staten Island 0 |
TOP OF THE 5TH |
Los Angeles (NYP) Angels batting - Pitching for Staten Island Yankees : RHP Jorge Aranda
|
Batting: RHB Randy Grewe
|
0-0: Ball 1-0: Ball 2-0: Ball 3-0: Called Strike 3-1: Swinging Strike 3-2: Foul Ball, location: 2F 3-2: Base on Balls
|
Batting: RHB Steve Hasson
|
0-0: Called Strike 0-1: Ball 1-1: Ball Randy Grewe steals 2nd base 2-1: Swinging Strike 2-2: Foul Ball, location: 2F 2-2: Foul Ball, location: 2F 2-2: Strikes out swinging
|
Batting: RHB Jon Griffin
|
0-0: Ball Randy Grewe steals 3rd base 1-0: Swinging Strike 1-1: Ball 2-1: Reached on error, E5 (Groundball, 56, EV 85.6 MPH) Randy Grewe scores
|
Batting: SHB Conor Davies
|
0-0: Called Strike 0-1: Fly out, F9 (Flyball, 9LD, EV 100.0 MPH)
|
Batting: RHB Jeff Long
|
0-0: Ball Jon Griffin steals 2nd base 1-0: Ground out 1-3 (Groundball, 13S, EV 75.0 MPH)
|
Top of the 5th over - 1 run, 0 hits, 1 error, 1 left on base; Los Angeles (NYP) 5 - Staten Island 0 |
BOTTOM OF THE 5TH |
Staten Island Yankees batting - Pitching for Los Angeles (NYP) Angels : RHP Jose Alvarado
|
Batting: RHB Nick Massengale
|
0-0: Ball 1-0: Ball 2-0: Called Strike 2-1: Called Strike 2-2: Strikes out swinging
|
Batting: RHB Phil Corliss
|
0-0: Called Strike 0-1: Called Strike 0-2: Foul Ball, location: 2F 0-2: Ball 1-2: Ground out 1-3 (Groundball, 13, EV 68.1 MPH)
|
Batting: SHB Victor Martinez
|
0-0: Called Strike 0-1: Swinging Strike 0-2: Strikes out swinging
|
Bottom of the 5th over - 0 runs, 0 hits, 0 errors, 0 left on base; Los Angeles (NYP) 5 - Staten Island 0 |
TOP OF THE 6TH |
Los Angeles (NYP) Angels batting - Pitching for Staten Island Yankees : RHP Jorge Aranda
|
Pitching: RHP Nick Schweer
|
|
Batting: RHB Jason Habeck
|
0-0: Called Strike 0-1: Ground out 4-3 (Groundball, 4, EV 81.9 MPH)
|
Batting: RHB Steve Hughey
|
0-0: Called Strike 0-1: Swinging Strike 0-2: Ball 1-2: Ball 2-2: Strikes out swinging
|
Batting: RHB Zach Robbins
|
0-0: SOLO HOME RUN (Flyball, 7LD, EV 94.4 MPH), Distance : 357 ft
|
Batting: RHB Mario Velazquez
|
0-0: Swinging Strike 0-1: Called Strike 0-2: Ball 1-2: Strikes out looking
|
Top of the 6th over - 1 run, 1 hit, 0 errors, 0 left on base; Los Angeles (NYP) 6 - Staten Island 0 |
BOTTOM OF THE 6TH |
Staten Island Yankees batting - Pitching for Los Angeles (NYP) Angels : RHP Jose Alvarado
|
Batting: SHB Plácido Barrrenho
|
0-0: Ball 1-0: Ball 2-0: Ball 3-0: Called Strike 3-1: Base on Balls
|
Batting: LHB Mario Hurtado
|
0-0: Ball 1-0: Foul Ball, location: 2F 1-1: Foul Ball, location: 2F 1-2: Fielders Choice at 2nd, 6-4 (Groundball, 6, EV 77.5 MPH)
|
Batting: RHB Chris Diaz
|
0-0: Called Strike Mario Hurtado steals 2nd base 0-1: Swinging Strike 0-2: Ball 1-2: Foul Ball, location: 2F 1-2: Ground out 6-3 (Groundball, 56, EV 84.4 MPH)
|
Batting: LHB Roald Jacobs
|
0-0: Ball 1-0: Ball 2-0: Ball 3-0: Called Strike 3-1: Base on Balls
|
Batting: RHB Andres Valles
|
0-0: Swinging Strike 0-1: Ball Wild Pitch! Mario Hurtado to third Roald Jacobs to second 1-1: Ball Wild Pitch! Mario Hurtado scores Roald Jacobs to third 2-1: Hit by Pitch
|
Batting: LHB Ben Roth
|
0-0: Called Strike 0-1: Ball 1-1: Ball 2-1: Foul Ball, location: 2F 2-2: Ball 3-2: SINGLE (Flyball, 7S, EV 89.4 MPH) Roald Jacobs scores Andres Valles to second Andres Valles to third
|
Batting: RHB Nick Massengale
|
0-0: Foul Ball, location: 2F 0-1: Ball 1-1: Ball 2-1: Ground out 4-3 (Groundball, 4, EV 87.5 MPH)
|
Bottom of the 6th over - 2 runs, 1 hit, 0 errors, 2 left on base; Los Angeles (NYP) 6 - Staten Island 2 |
TOP OF THE 7TH |
Los Angeles (NYP) Angels batting - Pitching for Staten Island Yankees : RHP Nick Schweer
|
Now at C: Chris Yancey
|
|
Batting: RHB Randy Grewe
|
0-0: Called Strike 0-1: Ball 1-1: Ball 2-1: Ground out U3 (Groundball, 34, EV 78.8 MPH)
|
Batting: RHB Steve Hasson
|
0-0: Ground out 5-3 (Groundball, 56, EV 109.4 MPH)
|
Batting: RHB Jon Griffin
|
0-0: Ball 1-0: Ball 2-0: Ground out U3 (Groundball, 34S, EV 81.9 MPH)
|
Top of the 7th over - 0 runs, 0 hits, 0 errors, 0 left on base; Los Angeles (NYP) 6 - Staten Island 2 |
BOTTOM OF THE 7TH |
Staten Island Yankees batting - Pitching for Los Angeles (NYP) Angels : RHP Jose Alvarado
|
Pitching: LHP Alex Pulido
|
|
Batting: RHB Phil Corliss
|
0-0: Fly out, F7 (Flyball, 78S, EV 83.1 MPH)
|
Batting: SHB Victor Martinez
|
0-0: Called Strike 0-1: Foul Ball, location: 2F 0-2: Ball 1-2: Ball 2-2: Ball 3-2: DOUBLE (Line Drive, 78D, EV 98.1 MPH)
|
Batting: RHB Chris Yancey
|
0-0: Ball 1-0: Swinging Strike 1-1: Fly out, F9 (Flyball, 89M, EV 86.3 MPH)
|
Pitching: RHP Joe Schuler
|
|
Batting: LHB Mario Hurtado
|
0-0: Reached on error, E4 (Groundball, 4, EV 86.9 MPH) Victor Martinez to third
|
Batting: RHB Chris Diaz
|
0-0: Foul Ball, location: 2F 0-1: Ball 1-1: Swinging Strike 1-2: Ground out 5-3 (Groundball, 5S, EV 83.8 MPH)
|
Bottom of the 7th over - 0 runs, 1 hit, 1 error, 2 left on base; Los Angeles (NYP) 6 - Staten Island 2 |
TOP OF THE 8TH |
Los Angeles (NYP) Angels batting - Pitching for Staten Island Yankees : RHP Nick Schweer
|
Batting: SHB Conor Davies
|
0-0: Foul Ball, location: 2F 0-1: Fly out, F6 (Popup, 56, EV 61.3 MPH)
|
Batting: RHB Jeff Long
|
0-0: Ball 1-0: SINGLE (Groundball, 34D, EV 94.4 MPH)
|
Batting: RHB Jason Habeck
|
0-0: Called Strike 0-1: Called Strike Jeff Long steals 2nd base 0-2: Ball 1-2: SINGLE (Groundball, 4D, EV 97.5 MPH) Jeff Long to third Runner from 3rd tries for Home, SAFE, throw by CF to home
|
Batting: RHB Steve Hughey
|
0-0: Ball 1-0: Fielders Choice at 2nd, 3-6 (Groundball, 34S, EV 88.8 MPH)
|
Batting: RHB Zach Robbins
|
0-0: Ground out 6-3 (Groundball, 6MD, EV 84.4 MPH)
|
Top of the 8th over - 1 run, 2 hits, 0 errors, 1 left on base; Los Angeles (NYP) 7 - Staten Island 2 |
BOTTOM OF THE 8TH |
Staten Island Yankees batting - Pitching for Los Angeles (NYP) Angels : RHP Joe Schuler
|
Batting: LHB Roald Jacobs
|
0-0: Foul Ball, location: 2F 0-1: SINGLE (Groundball, 4M, EV 109.4 MPH) (infield hit)
|
Batting: RHB Andres Valles
|
0-0: Foul Ball, location: 2F 0-1: Ball 1-1: 2-RUN HOME RUN (Flyball, 89XD, EV 98.8 MPH), Distance : 412 ft
|
Batting: LHB Ben Roth
|
0-0: Ball 1-0: SINGLE (Groundball, 6MD, EV 102.5 MPH)
|
Pinch Hitting: LHB Sergio Corona
|
0-0: Called Strike 0-1: Ball 1-1: Fielders Choice at 2nd, 4-6 (Groundball, 4, EV 82.5 MPH)
|
Batting: RHB Phil Corliss
|
0-0: SINGLE (Groundball, 4MD, EV 113.1 MPH) Sergio Corona to second Runner from 2nd tries for 3rd, SAFE, throw by CF made to third Phil Corliss to second
|
Batting: SHB Victor Martinez
|
0-0: Ball 1-0: DOUBLE (Groundball, 5L, EV 103.8 MPH) Sergio Corona scores Phil Corliss scores
|
Pitching: RHP Kevin Greene
|
|
Batting: RHB Chris Yancey
|
0-0: Ball 1-0: Ground out 4-3 (Groundball, 4, EV 83.1 MPH) Victor Martinez to third
|
Batting: LHB Mario Hurtado
|
0-0: Ball 1-0: Ball 2-0: Foul Ball, location: 2F 2-1: Called Strike 2-2: Foul Ball, location: 2F 2-2: Ball 3-2: Base on Balls
|
Batting: RHB Chris Diaz
|
0-0: Ball 1-0: Foul Ball, location: 2F 1-1: Ball 2-1: Ground out 4-3 (Groundball, 34, EV 109.4 MPH)
|
Bottom of the 8th over - 4 runs, 5 hits, 0 errors, 2 left on base; Los Angeles (NYP) 7 - Staten Island 6 |
TOP OF THE 9TH |
Los Angeles (NYP) Angels batting - Pitching for Staten Island Yankees : RHP Nick Schweer
|
Pitching: RHP Jay Brumfield
|
|
Now in RF: Sergio Corona
|
|
Pinch Hitting: RHB John Beddow
|
0-0: Ball 1-0: Ball 2-0: Called Strike 2-1: SINGLE (Line Drive, 8RM, EV 105.0 MPH)
|
Batting: RHB Randy Grewe
|
0-0: Sac Bunt to 13 - play at first, batter OUT! 1-4 John Beddow to second
|
Batting: RHB Steve Hasson
|
0-0: Foul Ball, location: 2F 0-1: Ball 1-1: Ball 2-1: Ball 3-1: Fly out, F4 (Line Drive, 4, EV 64.4 MPH) Lined into DP, 4-6 (Line Drive, 4, EV 71.9 MPH)
|
Top of the 9th over - 0 runs, 1 hit, 0 errors, 0 left on base; Los Angeles (NYP) 7 - Staten Island 6 |
BOTTOM OF THE 9TH |
Staten Island Yankees batting - Pitching for Los Angeles (NYP) Angels : RHP Kevin Greene
|
Now in LF: Tsega Haida
|
|
Batting: LHB Roald Jacobs
|
0-0: Called Strike 0-1: SINGLE (Flyball, 4D, EV 86.3 MPH)
|
Batting: RHB Andres Valles
|
0-0: Ball 1-0: Ball 2-0: Ball 3-0: Base on Balls Roald Jacobs to second
|
Batting: LHB Ben Roth
|
0-0: Called Strike 0-1: Called Strike 0-2: Ball 1-2: Ball 2-2: Strikes out swinging
|
Batting: LHB Sergio Corona
|
0-0: Ball 1-0: Swinging Strike 1-1: Ball 2-1: Ball 3-1: Called Strike 3-2: Strikes out swinging
|
Pitching: LHP Brandon Davis
|
|
Batting: RHB Phil Corliss
|
0-0: Foul Ball, location: 2F 0-1: Hit by Pitch Roald Jacobs to third Andres Valles to second
|
Batting: SHB Victor Martinez
|
0-0: Called Strike 0-1: Ball 1-1: Ground out 5-3 (Groundball, 56, EV 104.4 MPH)
|
Bottom of the 9th over - 0 runs, 1 hit, 0 errors, 3 left on base; Los Angeles (NYP) 7 - Staten Island 6 |
|